 Dungeon Crawl Stone Soup version 0.32-a0-933-ga8fa363 (webtiles) character file.

Game seed: 1900758152976358452

868 aor the Trooper (level 8, -3/57 HPs)
             Began as an Octopode Monk on Apr 14, 2024.
             Killed from afar by an electric eel (11 damage)
             ... with a bolt of electricity
             ... on level 5 of the Dungeon.
             The game lasted 00:08:10 (4577 turns).

aor the Trooper (Octopode Monk)                     Turns: 4577, Time: 00:08:11

Health: -3/57      AC:  1    Str: 10    XL:     8   Next: 3%
Magic:  8/8        EV: 15    Int: 12    God:
Gold:   233        SH:  0    Dex: 17    Spells: 7/7 levels left

rFire   . . .        a - +1 sling (flame)
rCold   . . .        j - orb {light}
rNeg    + . .        (helmet restricted)
rPois   +            (no amulet)
rElec   .            i - ring of positive energy
rCorr   .            h - ring of willpower
SInv    .            n - ring of poison resistance
Will    +....        (no ring)
Stlth   +            (no ring)
HPRegen 0.29/turn    (no ring)
MPRegen 0.11/turn    (no ring)
                     (no ring)

%: no passive effects
@: glowing
A: almost no armour, amphibious, 8 rings, camouflage 1, gelatinous body 1,
(nimble swimmer 1), tentacles
a: no special abilities


You were on level 5 of the Dungeon.
You visited 1 branch of the dungeon, and saw 5 of its levels.
You also visited: Sewer.

You collected 233 gold pieces.

Inventory:

Hand Weapons
 a - a +1 sling of flaming (weapon)
 b - the +3 short sword of the Nexus {venom, rN++}
   (You found it on level 2 of the Dungeon)

   rN++:      It greatly protects you from negative energy.
Missiles
 A - 15 poisoned darts
Armour
 j - an orb of light (worn)
Jewellery
 h - a ring of willpower (right tentacle)
 i - a ring of positive energy (left tentacle)
 n - a ring of poison resistance (on tentacle)
Wands
 w - a wand of polymorph (8)
Scrolls
 c - 7 scrolls of identify {unknown}
 e - 2 scrolls of summoning {unknown}
 f - 2 scrolls of amnesia {unknown}
 s - 2 scrolls of enchant armour {unknown}
 t - a scroll of brand weapon {unknown}
 u - a scroll of revelation {unknown}
 v - a scroll of teleportation {unknown}
 x - a scroll of fear {unknown}
 y - a scroll of noise {unknown}
 C - a scroll of immolation {unknown}
 D - a scroll of vulnerability {unknown}
Potions
 d - a potion of attraction {unknown}
 g - a potion of cancellation {unknown}
 k - a potion of mutation {unknown}
 l - 2 potions of degeneration {unknown}
 m - a potion of ambrosia
 o - a potion of brilliance {unknown}
 p - 3 potions of heal wounds {unknown}
 q - a potion of lignification {unknown}
 r - a potion of berserk rage {unknown}
 z - 2 potions of haste {unknown}
 B - a potion of magic {unknown}


   Skills:
 + Level 5.9 Fighting
 + Level 5.8 Dodging
 + Level 5.8 Unarmed Combat


You had 7 spell levels left.
You didn't know any spells.
Your spell library contained the following spells:

 Spells                   Type           Power      Damage    Failure   Level
 Fugue of the Fallen      Necr           0%         N/A       69%         3
 Ozocubu's Armour         Ice            0%         N/A       69%         3
 Summon Lightning Spire   Summ/Air       0%         N/A       97%         4
 Lee's Rapid Deconstruct  Erth           0%         3d4*      100%        5
 Manifold Assault         Tloc           0%         N/A       100%        7
 Animate Armour           Summ/Erth      Unusable   N/A       N/A         4

Dungeon Overview and Level Annotations

Branches:
Dungeon (5/15)              Sewer (visited)
 Temple: D:4-7

Altars:
Elyvilon
Hepliaklqana
Makhleb
Okawaru
Ru
Trog
Vehumet
Wu Jian


Innate Abilities, Weirdness & Mutations

You cannot wear most types of armour.
You are amphibious.
You can wear up to eight rings at the same time.
Your skin changes colour to match your surroundings (Stealth+).
Your rubbery body absorbs attacks. (AC +1, EV +1)
((You are camouflaged when in or above water. (Stealth+)))
You have tentacles for arms and can constrict up to eight enemies at once.


Message History

Okay, then.
Fire: a) +1 sling (flame)
Press: ? - help, Q - select action, (/) - cycle Shift-Dir - straight line, f/p - electric eel
Aim: an electric eel (water, lightly wounded, wandering, hasn't noticed you, 42% to hit)
You shoot a sling bullet.
The sling bullet barely misses the electric eel.
Fire: a) +1 sling (flame)
Press: ? - help, Q - select action, (/) - cycle Shift-Dir - straight line, f/p - electric eel
Aim: an electric eel (water, lightly wounded, 42% to hit)
You shoot a sling bullet.
The sling bullet misses the electric eel.
The electric eel shoots out a bolt of lightning at you!
The bolt of electricity hits you!
Fire: a) +1 sling (flame)
Press: ? - help, Q - select action, (/) - cycle Shift-Dir - straight line, f/p - electric eel
Aim: an electric eel (water, lightly wounded, 42% to hit)
You shoot a sling bullet.
The sling bullet closely misses the electric eel.
The electric eel shoots out a bolt of lightning at you!
The bolt of electricity hits you!
Fire: a) +1 sling (flame)
Press: ? - help, Q - select action, (/) - cycle Shift-Dir - straight line, f/p - electric eel
Aim: an electric eel (water, lightly wounded, 42% to hit)
You shoot a sling bullet.
The sling bullet misses the electric eel.
Unknown command.
Fire: a) +1 sling (flame)
Press: ? - help, Q - select action, (/) - cycle Shift-Dir - straight line, f/p - electric eel
Aim: an electric eel (water, lightly wounded, 42% to hit)
You shoot a sling bullet. The sling bullet hits the electric eel.
The sling bullet burns the electric eel.
The electric eel is moderately wounded.
The electric eel shoots out a bolt of lightning at you!
The bolt of electricity hits you!
The electric eel shoots out a bolt of lightning at you!
The bolt of electricity hits you!
* * * LOW HITPOINT WARNING * * *
The electric eel shoots out a bolt of lightning at you!
The bolt of electricity hits you!
You die...

#............##SSS##~....##
#............#≈≈?SS######.##
##...........#!÷.$"##≈SS##~###
#...........#~.~~~#≈≈~≈≈#†#.##
#.....>.....#P~...#÷!..)#~#...
###.........#.....#"~PP~#~##..
####......# ....#P..PP#~###.
##.#######'..##.....#.# ##
##.## #.@##### #.# # #..#
##..~)~##+ ##.# ##.##
#####~..####.## #..#
###..~~~## ##.## ####### ##..#
###..## ##....# ......#


You could see 2 electric eels.

Vanquished Creatures
  2 phantoms (D:5)
  A kobold brigand (Sewer)
  2 scorpions
  A jelly (D:5)
  A gnoll bouda (D:4)
  An orc wizard (D:5)
  Natasha (thrice) (D:3)
  2 iguanas
  3 gnolls
  8 adders
  8 river rats
  A shadow imp (D:5)
  A white imp (D:5)
  4 dart slugs
  A ribbon worm (D:2)
  3 orcs (D:3)
  2 bats
  6 endoplasms
  4 giant cockroaches
  6 goblins
  5 hobgoblins
  9 jackals
  A quokka (D:1)
  9 ball pythons
  4 frilled lizards
  32 kobolds
  31 rats
151 creatures vanquished.

Notes
Turn   | Place    | Note
-------+----------+-------------------------------------------
     0 | D:1      | aor the Octopode Monk began the quest for the Orb.
     0 | D:1      | Reached XP level 1. HP: 16/16 MP: 1/1
    80 | D:1      | Reached XP level 2. HP: 11/21 MP: 2/2
   354 | D:1      | Reached XP level 3. HP: 26/26 MP: 3/3
   544 | D:1      | Found a faded altar of an unknown god.
   866 | D:2      | Identified the +3 short sword of the Nexus {venom, rN++}
  1317 | D:2      | Reached XP level 4. HP: 32/33 MP: 4/4
  1722 | D:3      | Found a radiant altar of Vehumet.
  1730 | D:3      | Noticed a scorpion
  1736 | D:3      | Killed a scorpion
  1737 | D:3      | Reached XP level 5. HP: 28/37 MP: 5/5
  2046 | D:3      | Noticed Natasha
  2049 | D:3      | Killed Natasha
  2088 | D:3      | Noticed Natasha
  2096 | D:3      | Killed Natasha
  2127 | D:3      | Noticed Natasha
  2133 | D:3      | Killed Natasha
  2404 | D:4      | Reached XP level 6. HP: 44/44 MP: 6/6
  2702 | D:5      | Entered Level 5 of the Dungeon
  2805 | D:5      | Found a hazy altar of Hepliaklqana.
  2813 | D:5      | Found a sacrificial altar of Ru.
  2815 | D:5      | Found an iron altar of Okawaru.
  2817 | D:5      | Found a burning altar of Makhleb.
  2817 | D:5      | Found a white marble altar of Elyvilon.
  2818 | D:5      | Found an ornate altar of the Wu Jian Council.
  2824 | D:5      | Found a bloodstained altar of Trog.
  2946 | D:5      | Reached skill level 5 in Fighting
  3025 | D:5      | Reached skill level 5 in Dodging
  3025 | D:5      | Reached skill level 5 in Unarmed Combat
  3025 | D:5      | Reached XP level 7. HP: 22/50 MP: 7/7
  3154 | D:5      | Found a glowing drain.
  3160 | Sewer    | Entered a sewer
  4392 | D:5      | Reached XP level 8. HP: 57/57 MP: 8/8
  4577 | D:5      | Killed from afar by an electric eel

Illustrated notes

Levels and vault maps discovered:
D:1:      dpeg_arrival_tiny_b, layout_loops_cross,
          shapermc_ecumenical_altar_ellora
D:2:      layout_loops_corners, minmay_tripent
D:3:      layout_loops_ring, nicolae_vehumet_altar_sigil, uniq_natasha
D:4:      layout_rooms
D:5:      cheibrodos_two_vegetables, layout_cave_pods,
          nicolae_overflow_hallway_of_the_gods, portal_sewer_entry_e

Skill      XL: |  1  2  3  4  5  6 |
---------------+-------------------+-----
Fighting       | 4 5 |  5.9
Dodging        | 4 5 |  5.8
Unarmed Combat | 4 5 |  5.8

Action                     |  1- 3 |  4- 6 |  7- 9 || total
---------------------------+-------+-------+-------++-------
  Melee: Unarmed           |    37 |       |       ||    37
         Constrict         |    22 |    18 |    17 ||    57
         Tentacles         |    13 |    11 |    12 ||    36
         Punch             |     1 |       |       ||     1
         Short sword       |    23 |    54 |    51 ||   128
   Fire: Sling             |       |    67 |   110 ||   177
   Stab: Sleeping          |     2 |       |       ||     2
 Armour: Skin              |    27 |    28 |    44 ||    99
  Dodge: Dodged            |    30 |    43 |    53 ||   126

Table legend: (Time is in decaauts)
 A = Elapsed time spent in this place.
 B = Non-inter-level travel time spent in this place.
 C = Inter-level travel time spent in this place.
 D = Time resting spent in this place.
 E = Time spent auto-exploring this place.
 F = Levels seen in this place.
 G = Mean time per level.
                   A        B        C        D        E       F      G
               +--------+--------+--------+--------+--------+-----+--------+
         Total |   4622 |   4478 |    144 |    217 |   3173 |   6 |  770.3 |
       Dungeon |   3916 |   3772 |    144 |    170 |   2730 |   5 |  783.2 |
         Sewer |    705 |    705 |      0 |     47 |    443 |   1 |  705.0 |
               +--------+--------+--------+--------+--------+-----+--------+

Top non-repeatable levels by time:
     D:5: 1204 daAuts
     D:2: 854 daAuts
     D:1: 852 daAuts
   Sewer: 705 daAuts
     D:3: 689 daAuts
     D:4: 315 daAuts
